 Dungeon Crawl Stone Soup version 0.21-a0-538-gd16b88a (webtiles) character file.

2198 tidbits the Insei (level 9, -10/100 HPs)
             Began as a Gnoll Transmuter on Dec 16, 2017.
             Was an Initiate of Cheibriados.
             Mangled by KristoblXynda's ghost (14 damage)
             ... on level 9 of the Dungeon on Dec 17, 2017.
             The game lasted 00:20:40 (1861 turns).

tidbits the Insei (Gnoll Transmuter)                Turns: 1861, Time: 00:20:41

Health: -10/100    AC:  8    Str: 28    XL:     9   Next: 34%
Magic:  15/18      EV: 16    Int: 14    God:    Cheibriados [......]
Gold:   402        SH:  0    Dex: 17    Spells: 9/21 levels left

rFire    + + .     SeeInvis +   a - +9 mace "Dedd" {crush, rF+ rC+++ Int-2 SInv}
rCold    + + +     Gourm    .   (no shield)
rNeg     . . .     Faith    .   B - +3 leather armour of Paranoia {rF+ Str+4 Int-3}
rPois    .         Spirit   .   (no helmet)
rElec    .         Reflect  .   (no cloak)
rCorr    .         Harm     .   G - +1 pair of gloves {archery}
MR       .....                  (no boots)
Stlth    ..........             A - amulet of magic regeneration
HPRegen  0.26/turn              (no ring)
MPRegen  0.41/turn              s - +5 ring of strength

@: berserking, very slow
A: distributed training, fangs 1, strong nose
a: Bend Time, Renounce Religion


You were on level 9 of the Dungeon.
You worshipped Cheibriados.
Cheibriados was noncommittal.
You were not hungry.

You visited 2 branches of the dungeon, and saw 11 of its levels.

You collected 402 gold pieces.

Inventory:

Hand Weapons
 a - the +9 mace "Dedd" (weapon) {crush, rF+ rC+++ Int-2 SInv}
   (You found it on level 4 of the Dungeon)

   It inflicts extra damage upon your enemies.
   It affects your intelligence (-2).
   It protects you from fire.
   It renders you almost immune to cold.
   It lets you see invisible.
 b - a +3 blowgun
 g - a +0 shortbow
 o - a +0 trident of venom
   (You took it off a centaur on level 6 of the Dungeon)
 q - a +4 falchion of distortion
   (You took it off Eustachio on level 6 of the Dungeon)
 K - a +2 scimitar of holy wrath
   (You found it on level 8 of the Dungeon)
Missiles
 j - 77 stones (quivered)
 n - a curare-tipped needle
 F - 5 javelins
 J - 14 bolts
 M - 48 arrows
 N - a throwing net {!f}
Armour
 m - a +0 robe
 B - the +3 leather armour of Paranoia (worn) {rF+ Str+4 Int-3}
   (You found it on level 5 of the Dungeon)

   It affects your strength (+4).
   It affects your intelligence (-3).
   It protects you from fire.
 E - a +1 leather armour of cold resistance
   (You took it off an orc on level 7 of the Dungeon)
 G - a +1 pair of gloves of archery (worn)
   (You found it on level 5 of the Dungeon)
Magical Staves
 e - an uncursed staff of energy {!a}
   (You found it on level 8 of the Dungeon)
 t - an uncursed staff of fire
   (You found it on level 5 of the Dungeon)
Jewellery
 k - an uncursed ring of flight
   (You found it on level 3 of the Dungeon)
 s - a +5 ring of strength (right hand)
   (You found it on level 5 of the Dungeon)
 A - an amulet of magic regeneration (around neck)
   (You found it on level 6 of the Dungeon)
 I - an uncursed ring of ice
   (You found it on level 8 of the Dungeon)
Wands
 p - a wand of polymorph (22)
 y - a wand of flame (30)
 H - a wand of disintegration (6)
Scrolls
 f - 2 scrolls of immolation
 r - 3 scrolls of remove curse
 w - a scroll of fog
 x - a scroll of enchant weapon
 z - a scroll of brand weapon {unknown}
Potions
 l - 2 potions of degeneration
 C - a potion of flight
 D - a potion of ambrosia
Books
 c - a book of Changes

   Spells                             Type                      Level
   a - Beastly Appendage              Transmutation                1
   b - Sticks to Snakes               Transmutation                2
   c - Spider Form                    Transmutation/Poison         3
   d - Ice Form                       Ice/Transmutation            4
   e - Blade Hands                    Transmutation                5
 h - the Handbook of Entrancing Stones
   (You acquired it on level 6 of the Dungeon)

   Spells                             Type                      Level
   a - Sandblast                      Earth                        1
   b - Slow                           Hexes                        2
   c - Passwall                       Transmutation/Earth          2
   d - Stone Arrow                    Conjuration/Earth            3
   e - Inner Flame                    Hexes/Fire                   3
 i - a book of Maledictions
   (You found it on level 3 of the Dungeon)

   Spells                             Type                      Level
   a - Corona                         Hexes                        1
   b - Ensorcelled Hibernation        Hexes/Ice                    2
   c - Confuse                        Hexes                        3
   d - Tukima's Dance                 Hexes                        3
   e - Dazzling Spray                 Conjuration/Hexes            3
 L - a book of Flames
   (You found it on level 8 of the Dungeon)

   Spells                             Type                      Level
   a - Flame Tongue                   Conjuration/Fire             1
   b - Throw Flame                    Conjuration/Fire             2
   c - Conjure Flame                  Conjuration/Fire             3
   d - Inner Flame                    Hexes/Fire                   3
   e - Sticky Flame                   Conjuration/Fire             4
   f - Fireball                       Conjuration/Fire             5
Comestibles
 d - 7 bread rations
 v - 4 meat rations


   Skills:
 + Level 4.9 Fighting
 + Level 4.0 Short Blades
 + Level 4.0 Long Blades
 + Level 4.0 Axes
 + Level 4.0 Maces & Flails
 + Level 4.0 Polearms
 + Level 4.0 Staves
 + Level 4.0 Slings
 + Level 4.0 Bows
 + Level 4.0 Crossbows
 + Level 4.0 Throwing
 + Level 4.0 Armour
 + Level 6.2 Dodging
 + Level 4.0 Stealth
 + Level 4.0 Shields
 + Level 7.8 Unarmed Combat
 + Level 6.5 Spellcasting
 + Level 3.3 Conjurations
 + Level 3.3 Hexes
 + Level 3.3 Charms
 + Level 3.3 Summonings
 + Level 3.3 Necromancy
 + Level 3.3 Translocations
 + Level 5.1 Transmutations
 + Level 3.3 Fire Magic
 + Level 3.3 Ice Magic
 + Level 3.3 Air Magic
 + Level 3.3 Earth Magic
 + Level 3.3 Poison Magic
 + Level 4.5 Invocations
 + Level 4.0 Evocations


You had 9 spell levels left.
You knew the following spells:

 Your Spells              Type           Power        Failure   Level  Hunger
a - Sandblast             Erth           ##....       4%          1    None
c - Confuse               Hex            ##......     12%         3    ##.....
e - Beastly Appendage     Tmut           ###...       1%          1    None
k - Sticks to Snakes      Tmut           ###.....     3%          2    #......
p - Spider Form           Tmut/Pois      ###.......   9%          3    ##.....
w - Passwall              Tmut/Erth      ###.......   4%          2    #......


Dungeon Overview and Level Annotations

Branches:
Dungeon (10/15)            Temple (1/1) D:7
   Lair: D:8-11         Orc: D:9-12

Altars:
Ashenzari
Cheibriados
Fedhas
Gozag
Hepliaklqana
Okawaru
Qazlal
Ru
Trog
Uskayaw
Vehumet
Xom
Yredelemnul
Zin
The Shining One

Annotations:
D:9 KristoblXynda's ghost, novice DrGl


Innate Abilities, Weirdness & Mutations

Your experience applies equally to all skills.
You have very sharp teeth.
Your uncanny sense of smell can sniff out nearby items.


Message History

The yak gores your ball python.
The centaur warrior skeleton completely misses you.
The yak gores you.
You hit the yak. Your kick misses the yak.
The yak is severely wounded.
Your ball python bites the yak but does no damage.
Your adder closely misses the yak.
The yak misses you. The yak gores you!
The centaur warrior skeleton hits you but does no damage.
Your ball python bites the yak but does no damage.
Your adder barely misses the yak.
The yak closely misses you.
You sock the yak! You claw the yak. You punch the yak.
You kill the yak!
Cheibriados appreciates the change of pace.
The centaur warrior skeleton closely misses you.
The yak gores you but does no damage. x2; The yak closely misses you.
Your ball python bites the yak but does no damage.
The centaur warrior skeleton hits you.
* * * LOW HITPOINT WARNING * * *
The yak gores you.
* * * LOW HITPOINT WARNING * * *
The yak misses you.
You sock the yak! Your kick misses the yak. You bite the yak.
The yak is moderately wounded.
Your adder bites the yak.
Your ball python bites the yak but does no damage.
The centaur warrior skeleton hits you.
* * * LOW HITPOINT WARNING * * *
Your adder bites the yak.
The yak is poisoned.
Your adder poisons the yak!
The yak barely misses you. The yak gores you.
* * * LOW HITPOINT WARNING * * *
The yak completely misses you. The yak gores your adder.
Your ball python bites the yak but does no damage.
The centaur warrior skeleton hits you.
* * * LOW HITPOINT WARNING * * *
You hit the yak. Your kick misses the yak.
The yak is heavily wounded.
Your adder barely misses the yak.
Your ball python bites the yak but does no damage.
The centaur warrior skeleton misses you.
The yak gores your adder. The yak barely misses you. The yak gores you!
* * * LOW HITPOINT WARNING * * *
The yak misses you.
Your adder bites the yak.
A leopard gecko comes into view.
Okay, then.
Unknown command.
The flow of time bends around you.
Cheibriados rebukes the yak.
The yak seems to slow down.
Cheibriados rebukes the centaur warrior skeleton.
The centaur warrior skeleton seems to slow down.
Cheibriados rebukes the yak.
The yak seems to slow down.
Cheibriados rebukes your adder.
Your adder seems to slow down.
Cheibriados rebukes the yak.
The yak seems to slow down.
You feel slightly more hungry.
Your ball python bites the yak.
The yak gores your adder!
Your adder dies!
The centaur warrior skeleton hits you.
* * * LOW HITPOINT WARNING * * *
The yak gores you but does no damage. The yak misses you. The yak gores you.
* * * LOW HITPOINT WARNING * * *
Okay, then.
Unknown command.
You feel much better.
Your ball python bites the yak.
The centaur warrior skeleton hits you.
* * * LOW HITPOINT WARNING * * *
Your ball python bites the yak but does no damage.
As you read the scroll of teleportation, it crumbles to dust.
You feel strangely unstable.
Your talons disappear.
The yak barely misses you. The yak gores you but does no damage.
The yak gores you!
* * * LOW HITPOINT WARNING * * *
The yak gores you!
* * * LOW HITPOINT WARNING * * *
Your ball python closely misses the yak.
The centaur warrior skeleton hits you.
* * * LOW HITPOINT WARNING * * *
The leopard gecko bites your ball python.
Your ball python bites the yak but does no damage.
Your ball python closely misses the yak. x2
The yak misses you.
Your surroundings suddenly seem different.
An ogre comes into view. It is wielding a giant club.
The ogre shouts!
A leopard gecko comes into view.
The leopard gecko hisses angrily.
KristoblXynda's ghost turns its malevolent gaze towards you.
Found a pair of gloves.
You thump the leopard gecko!
You kill the leopard gecko!
Cheibriados appreciates the change of pace.
Okay, then.
Unknown command.
It was a potion of berserk rage.
A red film seems to cover your vision as you go berserk!
Cheibriados protects you from inadvertent hurry.
You feel mighty! KristoblXynda's ghost hits you!
You die...

∆ #########
#.......#
#.......##...
#...O@.......
#....†W......
#........[...
#............
#############


You could see an ogre and KristoblXynda's ghost.

Vanquished Creatures
  A yak (D:9)
  Eustachio (D:6)
  A hungry ghost (D:9)
  A steam dragon (D:8)
  2 ice beasts
  A phantom (D:4)
  An eye of draining (D:8)
  4 ogres
  A centaur (D:6)
  A gnoll sergeant (D:9)
  2 howler monkeys (D:7)
  A bullfrog zombie (D:7)
  4 hounds
  An orc priest (D:8)
  An orc wizard (D:8)
  2 centaur skeletons
  An iguana (D:6)
  8 worker ants
  A hound zombie (D:7)
  7 adders
  3 gnolls (D:9)
  A shadow imp (D:5)
  An ooze (D:2)
  An adder skeleton (D:6)
  5 leopard geckos
  12 orcs
  A ball python (D:3)
  2 giant cockroaches
  4 hobgoblins
  4 jackals (D:4)
  2 quokkas (D:8)
  3 bats (D:2)
  3 frilled lizards
  2 goblins (D:3)
  8 kobolds
  A quokka skeleton (D:5)
  A rat (D:3)
96 creatures vanquished.

Vanquished Creatures (collateral kills)
  2 ogres
2 creatures vanquished.

Grand Total: 98 creatures vanquished

Notes
Turn   | Place    | Note
-------+----------+-------------------------------------------
     0 | D:1      | tidbits the Gnoll Transmuter began the quest for the Orb.
     0 | D:1      | Reached XP level 1. HP: 17/17 MP: 6/6
    89 | D:2      | Reached XP level 2. HP: 22/23 MP: 5/7
   100 | D:2      | Learned a level 2 spell: Sticks to Snakes
   172 | D:3      | Reached XP level 3. HP: 22/28 MP: 5/9
   179 | D:3      | Reached skill level 5 in Spellcasting
   202 | D:2      | Learned a level 3 spell: Spider Form
   212 | D:3      | Found a hazy altar of Hepliaklqana.
   229 | D:3      | Reached skill level 1 in Invocations
   262 | D:3      | Noticed an ogre
   273 | D:3      | Killed an ogre
   273 | D:3      | Reached skill level 1 in Short Blades
   273 | D:3      | Reached skill level 1 in Long Blades
   273 | D:3      | Reached skill level 1 in Axes
   273 | D:3      | Reached skill level 1 in Maces & Flails
   273 | D:3      | Reached skill level 1 in Polearms
   273 | D:3      | Reached skill level 1 in Staves
   273 | D:3      | Reached skill level 1 in Slings
   273 | D:3      | Reached skill level 1 in Bows
   273 | D:3      | Reached skill level 1 in Crossbows
   273 | D:3      | Reached skill level 1 in Throwing
   273 | D:3      | Reached skill level 1 in Armour
   273 | D:3      | Reached skill level 1 in Stealth
   273 | D:3      | Reached skill level 1 in Shields
   273 | D:3      | Reached skill level 1 in Conjurations
   273 | D:3      | Reached skill level 1 in Hexes
   273 | D:3      | Reached skill level 1 in Charms
   273 | D:3      | Reached skill level 1 in Summonings
   273 | D:3      | Reached skill level 1 in Necromancy
   273 | D:3      | Reached skill level 1 in Translocations
   273 | D:3      | Reached skill level 1 in Fire Magic
   273 | D:3      | Reached skill level 1 in Ice Magic
   273 | D:3      | Reached skill level 1 in Air Magic
   273 | D:3      | Reached skill level 1 in Earth Magic
   273 | D:3      | Reached skill level 1 in Poison Magic
   273 | D:3      | Reached skill level 1 in Evocations
   273 | D:3      | Reached XP level 4. HP: 22/34 MP: 2/11
   273 | D:3      | Reached XP level 5. HP: 26/40 MP: 2/12
   284 | D:3      | Noticed an ogre
   293 | D:3      | Killed an ogre
   293 | D:3      | Reached skill level 3 in Fighting
   293 | D:3      | Reached skill level 4 in Transmutations
   355 | D:4      | Reached XP level 6. HP: 34/47 MP: 1/13
   374 | D:5      | Entered Level 5 of the Dungeon
   414 | D:4      | Found an iron altar of Okawaru.
   428 | D:4      | Reached skill level 2 in Invocations
   451 | D:4      | Noticed a phantom
   452 | D:4      | Got an ichor-stained mace
   469 | D:4      | Identified the +9 mace "Dedd" {crush, rF+ rC+++ Int-2 SInv} (You found it on level 4 of the Dungeon)
   496 | D:4      | Killed a phantom
   496 | D:4      | Reached skill level 2 in Short Blades
   496 | D:4      | Reached skill level 2 in Long Blades
   496 | D:4      | Reached skill level 2 in Axes
   496 | D:4      | Reached skill level 2 in Maces & Flails
   496 | D:4      | Reached skill level 2 in Polearms
   496 | D:4      | Reached skill level 2 in Staves
   496 | D:4      | Reached skill level 2 in Slings
   496 | D:4      | Reached skill level 2 in Bows
   496 | D:4      | Reached skill level 2 in Crossbows
   496 | D:4      | Reached skill level 2 in Throwing
   496 | D:4      | Reached skill level 2 in Armour
   496 | D:4      | Reached skill level 5 in Dodging
   496 | D:4      | Reached skill level 2 in Stealth
   496 | D:4      | Reached skill level 2 in Shields
   496 | D:4      | Reached skill level 2 in Evocations
   536 | D:5      | Reached XP level 7. HP: 52/52 MP: 8/15
   543 | D:5      | Got a bloodstained leather armour
   564 | D:5      | Identified the +3 leather armour of Paranoia {rF+ Str+4 Int-3} (You found it on level 5 of the Dungeon)
   619 | D:5      | Reached skill level 7 in Unarmed Combat
   692 | D:4      | Reached skill level 2 in Conjurations
   692 | D:4      | Reached skill level 2 in Hexes
   692 | D:4      | Reached skill level 2 in Charms
   692 | D:4      | Reached skill level 2 in Summonings
   692 | D:4      | Reached skill level 2 in Necromancy
   692 | D:4      | Reached skill level 2 in Translocations
   692 | D:4      | Reached skill level 2 in Fire Magic
   692 | D:4      | Reached skill level 2 in Ice Magic
   692 | D:4      | Reached skill level 2 in Air Magic
   692 | D:4      | Reached skill level 2 in Earth Magic
   692 | D:4      | Reached skill level 2 in Poison Magic
   831 | D:6      | Noticed Eustachio
   939 | D:6      | Reached skill level 3 in Invocations
   987 | D:6      | Killed Eustachio
   987 | D:6      | Reached XP level 8. HP: 31/60 MP: 7/16
  1002 | D:6      | Reached skill level 4 in Fighting
  1002 | D:6      | Reached skill level 3 in Short Blades
  1002 | D:6      | Reached skill level 3 in Long Blades
  1002 | D:6      | Reached skill level 3 in Axes
  1002 | D:6      | Reached skill level 3 in Maces & Flails
  1002 | D:6      | Reached skill level 3 in Polearms
  1002 | D:6      | Reached skill level 3 in Staves
  1002 | D:6      | Reached skill level 3 in Slings
  1002 | D:6      | Reached skill level 3 in Bows
  1002 | D:6      | Reached skill level 3 in Crossbows
  1002 | D:6      | Reached skill level 3 in Throwing
  1002 | D:6      | Reached skill level 3 in Armour
  1002 | D:6      | Reached skill level 3 in Stealth
  1002 | D:6      | Reached skill level 3 in Shields
  1002 | D:6      | Reached skill level 3 in Evocations
  1038 | D:6      | Identified a scroll of acquirement
  1042 | D:6      | Identified the Handbook of Entrancing Stones (You acquired it on level 6 of the Dungeon)
  1047 | D:6      | Learned a level 2 spell: Passwall
  1049 | D:6      | Learned a level 1 spell: Sandblast
  1053 | D:6      | Learned a level 3 spell: Confuse
  1174 | D:7      | Reached skill level 6 in Spellcasting
  1221 | D:8      | Noticed a hippogriff
  1409 | D:7      | Found a staircase to the Ecumenical Temple.
  1418 | Temple   | Entered the Ecumenical Temple
  1490 | Temple   | Became a worshipper of Cheibriados the Contemplative
  1654 | D:8      | Reached skill level 3 in Conjurations
  1654 | D:8      | Reached skill level 3 in Hexes
  1654 | D:8      | Reached skill level 3 in Charms
  1654 | D:8      | Reached skill level 3 in Summonings
  1654 | D:8      | Reached skill level 3 in Necromancy
  1654 | D:8      | Reached skill level 3 in Translocations
  1654 | D:8      | Reached skill level 3 in Fire Magic
  1654 | D:8      | Reached skill level 3 in Ice Magic
  1654 | D:8      | Reached skill level 3 in Air Magic
  1654 | D:8      | Reached skill level 3 in Earth Magic
  1654 | D:8      | Reached skill level 3 in Poison Magic
  1654 | D:8      | Reached skill level 4 in Invocations
  1683 | D:8      | Reached skill level 6 in Dodging
  1683 | D:8      | Reached XP level 9. HP: 31/66 MP: 15/18
  1747 | D:9      | Noticed KristoblXynda's ghost (novice DrGl)
  1747 | D:9      | Reached skill level 5 in Transmutations
  1769 | D:9      | Reached skill level 4 in Short Blades
  1769 | D:9      | Reached skill level 4 in Long Blades
  1769 | D:9      | Reached skill level 4 in Axes
  1769 | D:9      | Reached skill level 4 in Maces & Flails
  1769 | D:9      | Reached skill level 4 in Polearms
  1769 | D:9      | Reached skill level 4 in Staves
  1769 | D:9      | Reached skill level 4 in Slings
  1769 | D:9      | Reached skill level 4 in Bows
  1769 | D:9      | Reached skill level 4 in Crossbows
  1769 | D:9      | Reached skill level 4 in Throwing
  1769 | D:9      | Reached skill level 4 in Armour
  1769 | D:9      | Reached skill level 4 in Stealth
  1769 | D:9      | Reached skill level 4 in Shields
  1769 | D:9      | Reached skill level 4 in Evocations
  1802 | D:10     | Entered Level 10 of the Dungeon
  1854 | D:9      | HP: 6/67 [centaur warrior skeleton (3)]
  1854 | D:9      | HP: 1/67 [yak (5)]
  1861 | D:9      | Mangled by KristoblXynda's ghost

Vault maps used:
D:1:      minmay_arrival_wavy_path, grunt_decor_one_mirror, kennysheep_boxes
D:2:      elyvilon_altar_5
D:3:      old_standard_altar, first_bread
D:4:      okawaru_ov_weapons_minmay
D:5:      tgw_sif, minivault_23
D:6:      uniq_eustachio
D:7:      corexii_shack_village, temple_fountains, uniq_menkaure
D:8:      grunt_temple_overflow_cloverleaf, serial_shops, kennysheep_mini_moat,
          grunt_ogre_cave, minmay_tree_intersection, minmay_holes,
          grunt_ministairs_10
D:9:      cheibrodos_barr_body, due_lair_maze_entry_diamond
D:10:     lemuel_bear_cage, serial_shops, shop_statue, roderic_serpentine_path,
          uniq_fannar
Temple:   regret_index_temple_generic_petals

Skill      XL: |  1  2  3  4  5  6  7  8  9 |
---------------+----------------------------+-----
Spellcasting   | 5 6 |  6.5
Invocations    | 1 2 3 4 |  4.5
Short Blades   | 1 2 3 4 |  4.0
Long Blades    | 1 2 3 4 |  4.0
Axes           | 1 2 3 4 |  4.0
Maces & Flails | 1 2 3 4 |  4.0
Polearms       | 1 2 3 4 |  4.0
Staves         | 1 2 3 4 |  4.0
Slings         | 1 2 3 4 |  4.0
Bows           | 1 2 3 4 |  4.0
Crossbows      | 1 2 3 4 |  4.0
Throwing       | 1 2 3 4 |  4.0
Armour         | 1 2 3 4 |  4.0
Stealth        | 1 2 3 4 |  4.0
Shields        | 1 2 3 4 |  4.0
Conjurations   | 1 2 3 |  3.3
Hexes          | 1 2 3 |  3.3
Charms         | 1 2 3 |  3.3
Summonings     | 1 2 3 |  3.3
Necromancy     | 1 2 3 |  3.3
Translocations | 1 2 3 |  3.3
Fire Magic     | 1 2 3 |  3.3
Ice Magic      | 1 2 3 |  3.3
Air Magic      | 1 2 3 |  3.3
Earth Magic    | 1 2 3 |  3.3
Poison Magic   | 1 2 3 |  3.3
Evocations     | 1 2 3 4 |  4.0
Fighting       | 3 4 |  4.9
Transmutations | 4 5 |  5.1
Dodging        | 5 6 |  6.2
Unarmed Combat | 7 |  7.8

Action                   |  1- 3 |  4- 6 |  7- 9 || total
-------------------------+-------+-------+-------++-------
Melee: Unarmed           |    45 |    31 |     5 ||    81
       Headbutt          |     4 |       |     8 ||    12
       Bite              |     4 |       |    16 ||    20
       Punch             |     2 |       |     7 ||     9
       Kick              |     1 |     1 |    20 ||    22
       Mace              |       |     8 |   141 ||   149
 Fire: Blowgun           |     2 |     1 |       ||     3
 Cast: Beastly Appendage |     8 |     1 |    19 ||    28
       Sticks to Snakes  |     2 |     4 |    14 ||    20
       Spider Form       |     2 |     6 |     2 ||    10
       Sandblast         |       |       |    18 ||    18
       Passwall          |       |       |    10 ||    10
       Confuse           |       |       |     2 ||     2
Invok: Bend Time         |       |       |     1 ||     1
  Use: Potion            |       |       |     8 ||     8
       Scroll            |       |       |    10 ||    10
 Stab: Sleeping          |       |     2 |     3 ||     5
       Distracted        |       |     1 |       ||     1
       Confused          |       |       |     2 ||     2
       Invisible         |       |       |     1 ||     1
  Eat: Chunk             |       |       |     4 ||     4
       Bread ration      |       |       |     1 ||     1
Armor: Robe              |     5 |     1 |       ||     6
       Skin              |       |     1 |       ||     1
       Leather armour    |       |       |    61 ||    61
Dodge: Dodged            |    29 |    25 |   154 ||   208

Table legend:
 A = Spawn XP
 B = Non-spawn XP
 C = Spawn XP percentage of total XP
 D = Spawn monster count
 E = Non-spawn monster count
 F = Spawn count percentage of total count
 G = Total turns spent on level
                    A         B        C        D         E        F      G
               +---------+---------+-------+---------+---------+-------+---------
         Total |       0 |    3141 |   0.0 |       0 |      98 |   0.0 |  1861
               +---------+---------+-------+---------+---------+-------+---------
           D:1 |       0 |       2 |   0.0 |       0 |       1 |   0.0 |    42
           D:2 |       0 |      30 |   0.0 |       0 |       8 |   0.0 |   104
           D:3 |       0 |     258 |   0.0 |       0 |      13 |   0.0 |   184
           D:4 |       0 |     295 |   0.0 |       0 |      15 |   0.0 |   209
           D:5 |       0 |     278 |   0.0 |       0 |       9 |   0.0 |   248
           D:6 |       0 |     605 |   0.0 |       0 |      13 |   0.0 |   332
           D:7 |       0 |     301 |   0.0 |       0 |      16 |   0.0 |   297
           D:8 |       0 |     655 |   0.0 |       0 |      12 |   0.0 |   205
           D:9 |       0 |     681 |   0.0 |       0 |      10 |   0.0 |   131
          D:10 |       0 |      36 |   0.0 |       0 |       1 |   0.0 |     7
               +---------+---------+-------+---------+---------+-------+---------

Table legend:
 A = Turns spent in this place as a percentage of turns spent in the entire game.
 B = Non-inter-level travel turns spent in this place as a percentage of non-inter-level travel turns spent in the entire game.
 C = Inter-level travel turns spent in this place as a percentage of turns spent in this place.
 D = Turns resting spent in this place as a percentage of non-inter-level travel turns spent in this place.
 E = Turns spent auto-exploring this place as a percentage of non-inter-level travel turns spent in this place.
 F = Non-inter-level travel turns spent in this place divided by the number of levels of this place that you've seen.
                   A       B       C       D       E      F
               +-------+-------+-------+-------+-------+----------------------
         Total | 100.0 | 100.0 |   0.0 |   0.0 |   0.0 | 169.2
       Dungeon |  94.5 |  94.5 |   0.0 |   0.0 |   0.0 | 175.9
        Temple |   5.5 |   5.5 |   0.0 |   0.0 |   0.0 | 102.0
               +-------+-------+-------+-------+-------+----------------------

Table legend:
 A = Kills in this place as a percentage of kills in entire the game.
 B = Kills by you in this place as a percentage of kills by you in the entire game.
 C = Kills by friends in this place as a percentage of kills by friends in the entire game.
 D = Other kills in this place as a percentage of other kills in the entire game.
 E = Experience gained in this place as a percentage of experience gained in the entire game.
 F = Experience gained in this place divided by the number of levels of this place that you have seen.
                   A       B       C       D       E      F
               +-------+-------+-------+-------+-------+----------------------
         Total | 100.0 | 100.0 | 100.0 |   N/A | 100.0 | 285.5
       Dungeon | 100.0 | 100.0 | 100.0 |   N/A | 100.0 | 314.1
               +-------+-------+-------+-------+-------+----------------------

Vault maps used:
D:1:      minmay_arrival_wavy_path, grunt_decor_one_mirror, kennysheep_boxes
D:2:      elyvilon_altar_5
D:3:      old_standard_altar, first_bread
D:4:      okawaru_ov_weapons_minmay
D:5:      tgw_sif, minivault_23
D:6:      uniq_eustachio
D:7:      corexii_shack_village, temple_fountains, uniq_menkaure
D:8:      grunt_temple_overflow_cloverleaf, serial_shops, kennysheep_mini_moat,
          grunt_ogre_cave, minmay_tree_intersection, minmay_holes,
          grunt_ministairs_10
D:9:      cheibrodos_barr_body, due_lair_maze_entry_diamond
D:10:     lemuel_bear_cage, serial_shops, shop_statue, roderic_serpentine_path,
          uniq_fannar
Temple:   regret_index_temple_generic_petals
